[Event "ICC tourney 2855 (30 10)"]
[Site "Internet Chess Club"]
[Date "2022.03.19"]
[Round "3"]
[White "Nagarajan, Ramesh:rnagaraj"]
[Black "QIAO, RICHARDSON JINGSI:Richardsonqiao"]
[Result "0-1"]
[ICCResult "White resigns"]
[WhiteElo "1282"]
[BlackElo "572"]
[Opening "King's gambit"]
[ECO "C30"]
[NIC "KG.05"]
[Time "16:00:11"]
[PlyCount "64"]
[TimeControl "1800+10"]

1. e4 e5 2. f4 d6 3. Nf3 Nc6 4. Bc4 Nf6 5. d3 Bg4 6. Be3 Be7 7. fxe5 Nxe5 8.
Nbd2 Nfd7 9. O-O O-O 10. Qe1 Nxf3+ 11. Nxf3 Bxf3 12. Rxf3 Ne5 13. Rf5 Nxc4
14. dxc4 Bf6 15. c3 Re8 16. Bd4 Bxd4+ 17. cxd4 Qd7 18. Rf4 Re7 19. Qg3 Rae8
20. Re1 c6 21. Rg4 g6 22. Rf4 f5 23. Qd3 Qe6 24. e5 Qf7 25. d5 Rxe5 26. Rd1
cxd5 27. cxd5 Re3 28. Qb5 R8e4 29. Rxe4 Rxe4 30. Qa5 b6 31. Qb4 Rxb4 32. a3
Rxb2 {White resigns} 0-1

[Event "ICC tourney 2855 (30 10)"]
[Site "Internet Chess Club"]
[Date "2022.03.19"]
[Round "3"]
[White "ZHAO, DANSON:K01-30127679"]
[Black "ZHOU, ALEXANDER ZHENG:Lailaiking"]
[Result "1-0"]
[ICCResult "Black resigns"]
[WhiteElo "1234"]
[BlackElo "1029"]
[Opening "Giuoco Pianissimo: Italian four knights variation"]
[ECO "C50"]
[NIC "IG.02"]
[Time "16:01:04"]
[PlyCount "181"]
[TimeControl "1800+10"]

1. e4 e5 2. Nf3 Nc6 3. Bc4 Bc5 4. Nc3 Nf6 5. d3 d6 6. h3 h6 7. O-O Be6 8.
Bxe6 fxe6 9. Be3 Bb6 10. Bxb6 axb6 11. d4 exd4 12. Nxd4 Nxd4 13. Qxd4 e5 14.
Qd3 O-O 15. Nd5 c6 16. Nxf6+ Rxf6 17. a3 Rf4 18. Rad1 Rf6 19. Qb3+ Kf8 20.
Rd3 b5 21. Rfd1 Qc7 22. Qb4 Rd8 23. Qb3 Qa5 24. Rf3 Qc7 25. Rdd3 Qf7 26. Qb4
Qe7 27. Rxf6+ gxf6 28. Rg3 Rd7 29. Qd2 Qh7 30. Rf3 Ke7 31. Qe3 c5 32. Rf5
Rd8 33. Rh5 Rh8 34. Rf5 Rg8 35. Qf3 Qg7 36. Rh5 Qg6 37. Rh4 Kd7 38. Rg4 Qf7
39. Qf5+ Ke7 40. Rxg8 Qxg8 41. b3 Qg7 42. Qc8 Qg5 43. Qxb7+ Ke6 44. Qd5+ Ke7
45. Qd1 Qf4 46. f3 Qe3+ 47. Kh1 Qc3 48. Kh2 Qb2 49. a4 bxa4 50. bxa4 Qa3 51.
c4 Qc3 52. Qe2 Qb3 53. a5 Qa4 54. Qd3 Qxa5 55. Qd5 Qc7 56. Qg8 Qd8 57. Qg7+
Ke6 58. Qxh6 Qg8 59. Qd2 Kd7 60. Qd5 Qg5 61. Qf7+ Kc6 62. Qe8+ Kc7 63. Qf7+
Kc6 64. Qd5+ Kd7 65. Qd1 Qf4+ 66. Kg1 Qe3+ 67. Kf1 Qg5 68. Qe1 Qf4 69. Kg1
f5 70. exf5 Qxf5 71. Qe4 Qf4 72. Qxf4 exf4 73. Kf2 Ke6 74. Ke2 Kf5 75. h4
Kg6 76. Kf2 Kf5 77. g3 fxg3+ 78. Kxg3 Kg6 79. f4 Kf6 80. Kf3 Kf5 81. Ke3 Kg4
82. Ke4 Kxh4 83. Kd5 Kg4 84. Kxd6 Kxf4 85. Kxc5 Ke5 86. Kc6 Ke6 87. Kc7 Ke7
88. c5 Ke8 89. c6 Ke7 90. Kb8 Kd8 91. c7+ {Black resigns} 1-0

[Event "ICC tourney 2855 (30 10)"]
[Site "Internet Chess Club"]
[Date "2022.03.19"]
[Round "3"]
[White "SIMPSON, CHARLES D:The-Rider"]
[Black "LAIDO, MATTHEW:Dabao"]
[Result "1-0"]
[ICCResult "Black forfeits on time"]
[WhiteElo "870"]
[BlackElo "1137"]
[Opening "Scotch gambit"]
[ECO "C44"]
[NIC "SO.06"]
[Time "16:00:15"]
[PlyCount "65"]
[TimeControl "1800+10"]

1. e4 e5 2. Nf3 Nc6 3. d4 exd4 4. Bc4 Bc5 5. Ng5 Ne5 6. Nxf7 Nxf7 7. Bxf7+
Kxf7 8. Qh5+ Kf8 9. Qxc5+ d6 10. Qxd4 Nf6 11. e5 Qe7 12. Bf4 Ng4 13. O-O
dxe5 14. Bxe5 c5 15. Qf4+ Kg8 16. Bd6 Qf6 17. Qxf6 Nxf6 18. Bxc5 b6 19. Be7
Kf7 20. Ba3 Re8 21. Nc3 Ba6 22. Rfe1 Bb7 23. Nb5 Rec8 24. Nd6+ Kg8 25. Nxc8
Rxc8 26. Re7 Rb8 27. Bd6 Rd8 28. Rxb7 Rxd6 29. Rxa7 Nd5 30. Rd1 Re6 31. h3
Ne7 32. c4 Nc6 33. Ra8+ {Black forfeits on time} 1-0

[Event "ICC tourney 2855 (30 10)"]
[Site "Internet Chess Club"]
[Date "2022.03.19"]
[Round "3"]
[White "SHAMALOV, NATHAN:Nathan-Shamalov"]
[Black "ANGEL, BORYS:BArkadia"]
[Result "0-1"]
[ICCResult "White forfeits on time"]
[WhiteElo "1262"]
[BlackElo "1399"]
[Opening "Ponziani opening"]
[ECO "C44"]
[NIC "KP.05"]
[Time "16:01:04"]
[PlyCount "112"]
[TimeControl "1800+10"]

1. e4 e5 2. Nf3 Nc6 3. c3 Bc5 4. d4 exd4 5. cxd4 Bb4+ 6. Nc3 d6 7. Bb5 Bd7
8. O-O a6 9. Bd3 h6 10. Ne2 Qf6 11. Bd2 g5 12. e5 dxe5 13. dxe5 Qe7 14. Re1
g4 15. Nfd4 Bxd2 16. Nxc6 Bxc6 17. Qxd2 O-O-O 18. Rad1 Be4 19. Qc3 Bxd3 20.
Rxd3 Rxd3 21. Qxd3 Qxe5 22. Qc3 Qxc3 23. Nxc3 Nf6 24. Re5 h5 25. Ne4 Rd8 26.
g3 Rd1+ 27. Kg2 Re1 28. Rf5 Nxe4 29. Rxf7 Nd6 30. Rh7 Re5 31. h3 gxh3+ 32.
Kxh3 Nc4 33. Kh4 Nxb2 34. Rxh5 Rxh5+ 35. Kxh5 Nd3 36. f4 Kd8 37. Kg6 Ke7 38.
Kg7 Ke6 39. Kg6 c5 40. f5+ Ke7 41. Kg7 Ne5 42. f6+ Ke8 43. g4 c4 44. g5 Nd7
45. f7+ Ke7 46. g6 Nf8 47. Kh6 c3 48. g7 Kxf7 49. gxf8=B Kxf8 50. Kg6 c2 51.
Kf6 c1=Q 52. Ke6 Qc4+ 53. Kf5 Qxa2 54. Kg6 Qf2 55. Kg5 b5 56. Kg4 b4
{White forfeits on time}
0-1

[Event "ICC tourney 2855 (30 10)"]
[Site "Internet Chess Club"]
[Date "2022.03.19"]
[Round "3"]
[White "Wold, Michael L:miclwold-1"]
[Black "BIRUDAVOLU, SATHVIK:Vikki24"]
[Result "0-1"]
[ICCResult "White checkmated"]
[WhiteElo "506"]
[BlackElo "1069"]
[Opening "Sicilian: Alapin's variation (2.c3)"]
[ECO "B22"]
[NIC "SI.46"]
[Time "16:00:14"]
[PlyCount "86"]
[TimeControl "1800+10"]

1. e4 c5 2. c3 e5 3. d4 exd4 4. cxd4 Nc6 5. d5 Ne5 6. Nc3 d6 7. Nf3 Nxf3+ 8.
Qxf3 a6 9. Bc4 h6 10. O-O Nf6 11. h3 Be7 12. Re1 O-O 13. e5 dxe5 14. Rxe5
Bd6 15. Re3 Bd7 16. Ne4 Nxe4 17. Bd3 Nf6 18. Bd2 b6 19. a3 Bb5 20. Bxb5 axb5
21. Rae1 Qd7 22. Bc3 Nh7 23. Be5 Bxe5 24. Rxe5 Rfe8 25. Qg4 Rxe5 26. Qxd7
Rxe1+ 27. Kh2 Ree8 28. Qxb5 Rad8 29. Qxb6 Rxd5 30. Qc6 Red8 31. a4 Rd4 32.
Qxc5 Rxa4 33. b4 Raa8 34. b5 Rdc8 35. Qb4 Rab8 36. b6 Rb7 37. g4 Rcb8 38. f4
Rxb6 39. Qe7 Rb2+ 40. Kg3 R2b7 41. Qe4 Rb3+ 42. Kh4 g5+ 43. Kh5 Rxh3#
{White checkmated}
0-1

[Event "ICC tourney 2855 (30 10)"]
[Site "Internet Chess Club"]
[Date "2022.03.19"]
[Round "3"]
[White "Krishnan, Ashvath:ashvathk5"]
[Black "HAMLETT, JAMES MORRISON:Hamlett144"]
[Result "1-0"]
[ICCResult "Black resigns"]
[WhiteElo "1373"]
[BlackElo "1216"]
[Opening "French: exchange variation"]
[ECO "C01"]
[NIC "FR.01"]
[Time "16:00:12"]
[PlyCount "125"]
[TimeControl "1800+10"]

1. e4 e6 2. d4 d5 3. exd5 exd5 4. Nf3 Bd6 5. Bd3 Nf6 6. O-O O-O 7. Bg5 Bg4
8. Nbd2 Nbd7 9. Re1 c6 10. c3 Qc7 11. h3 Bh5 12. Rc1 Bg6 13. Bxg6 hxg6 14.
Nf1 Ne4 15. N1d2 Nxg5 16. Nxg5 Nf6 17. Nf1 Bf4 18. Nf3 Bxc1 19. Qxc1 Ne4 20.
c4 Nf6 21. Ne3 dxc4 22. Nxc4 Rfe8 23. Nce5 Nd7 24. Qc4 Nxe5 25. Rxe5 Rxe5
26. Nxe5 Re8 27. g3 Rxe5 28. dxe5 Qxe5 29. Qd3 Qd5 30. Qa3 a5 31. g4 g5 32.
Kh2 Qe5+ 33. Kg2 Qe4+ 34. Kh2 a4 35. Kg3 b5 36. Qd6 Qd5 37. Qa3 c5 38. Qc3
b4 39. Qe3 Qd6+ 40. Kg2 Qd5+ 41. Kg3 Kf8 42. f4 gxf4+ 43. Qxf4 g5 44. Qf6
Qd3+ 45. Kg2 Qe4+ 46. Kg1 Qe1+ 47. Kg2 Qe4+ 48. Kg3 c4 49. Qd8+ Kg7 50.
Qxg5+ Qg6 51. Qc5 Qd3+ 52. Kh4 c3 53. bxc3 Qxc3 54. Qg5+ Kh7 55. Qf5+ Kg8
56. Qg5+ Qg7 57. Qd8+ Kh7 58. Qd3+ Qg6 59. Qc4 Qh6+ 60. Kg3 Qe3+ 61. Kh4
Qf2+ 62. Kh5 Qf4 63. Qxf4 {Black resigns} 1-0

[Event "ICC tourney 2855 (30 10)"]
[Site "Internet Chess Club"]
[Date "2022.03.19"]
[Round "3"]
[White "WEI, LUKE:caracleliem2"]
[Black "POWERS, BARNEY:Barnstorm"]
[Result "1-0"]
[ICCResult "Black forfeits on time"]
[WhiteElo "1082"]
[BlackElo "1233"]
[Opening "Pirc: classical (two knights) system"]
[ECO "B08"]
[NIC "VO.17"]
[Time "16:00:17"]
[PlyCount "119"]
[TimeControl "1800+10"]

1. e4 d6 2. Nc3 Nf6 3. Nf3 g6 4. d4 c6 5. Bc4 b5 6. Bb3 Nbd7 7. O-O Bg7 8.
d5 cxd5 9. Bxd5 Rb8 10. Be3 Nxd5 11. Qxd5 b4 12. Na4 a5 13. Bd4 Bb7 14. Qc4
e5 15. Be3 O-O 16. Bg5 Qe8 17. b3 h6 18. Be3 Nf6 19. Nh4 Kh7 20. Rfd1 Qe7
21. Bb6 Rfc8 22. Qd3 Nxe4 23. Nf3 Rc6 24. Bxa5 Nc3 25. Nxc3 Rxc3 26. Qxd6
Qxd6 27. Rxd6 Bxf3 28. gxf3 Rxf3 29. Rc1 e4 30. Kf1 e3 31. Bb6 Rxf2+ 32. Kg1
Re8 33. Rd3 Re2 34. h3 f5 35. Rd7 f4 36. Bd4 Rg8 37. Rf7 g5 38. Rc7 Kg6 39.
Bc5 Bf8 40. Rc6+ Kh5 41. Rc8 f3 42. Rxf8 Rxf8 43. Bxf8 Rg2+ 44. Kh1 Kh4 45.
Bxb4 Kxh3 46. Rf1 Rh2+ 47. Kg1 Rg2+ 48. Kh1 g4 49. Be1 e2 50. Rf2 Rxf2 51.
Bxf2 g3 52. Kg1 gxf2+ 53. Kxf2 Kg4 54. a4 h5 55. a5 h4 56. a6 h3 57. a7 h2
58. a8=Q e1=Q+ 59. Kxe1 h1=Q+ 60. Kd2 {Black forfeits on time} 1-0

[Event "ICC tourney 2855 (30 10)"]
[Site "Internet Chess Club"]
[Date "2022.03.19"]
[Round "4"]
[White "HAMLETT, JAMES MORRISON:Hamlett144"]
[Black "SIMPSON, CHARLES D:The-Rider"]
[Result "0-1"]
[ICCResult "White checkmated"]
[WhiteElo "1216"]
[BlackElo "870"]
[Opening "QP counter-gambit (elephant gambit)"]
[ECO "C40"]
[NIC "KP.10"]
[Time "18:00:57"]
[PlyCount "28"]
[TimeControl "1800+10"]

1. e4 e5 2. Nf3 d5 3. Nxe5 dxe4 4. Bc4 Qg5 5. Nxf7 Qxg2 6. Rf1 Bg4 7. Nxh8
Bxd1 8. Kxd1 Nh6 9. Nc3 Nc6 10. d4 O-O-O 11. Be6+ Kb8 12. Ke2 Nxd4+ 13. Ke1
Nxc2+ 14. Ke2 Qf3# {White checkmated} 0-1

[Event "ICC tourney 2855 (30 10)"]
[Site "Internet Chess Club"]
[Date "2022.03.19"]
[Round "4"]
[White "ZHOU, ALEXANDER ZHENG:Lailaiking"]
[Black "Nagarajan, Ramesh:rnagaraj"]
[Result "0-1"]
[ICCResult "White resigns"]
[WhiteElo "1029"]
[BlackElo "1282"]
[Opening "Sicilian: accelerated fianchetto, modern variation"]
[ECO "B34"]
[NIC "SI.33"]
[Time "18:01:28"]
[PlyCount "40"]
[TimeControl "1800+10"]

1. e4 c5 2. Nf3 Nc6 3. d4 cxd4 4. Nxd4 g6 5. Nc3 Bg7 6. Be3 d6 7. Bc4 Nf6 8.
f3 a6 9. Bb3 O-O 10. O-O Na5 11. Re1 b5 12. Nd5 Bb7 13. Nxf6+ Bxf6 14. Bd5
Bxd5 15. exd5 Nc4 16. Bf2 Nxb2 17. Qe2 Nc4 18. Nc6 Qd7 19. Nxe7+ Kg7 20.
Rab1 Rfe8 {White resigns} 0-1

[Event "ICC tourney 2855 (30 10)"]
[Site "Internet Chess Club"]
[Date "2022.03.19"]
[Round "4"]
[White "GUO, MAX:salamenceg"]
[Black "Bharathy Mohan, Aarav Sai:aaravbm"]
[Result "1/2-1/2"]
[ICCResult "Game drawn by mutual agreement"]
[WhiteElo "1220"]
[BlackElo "1004"]
[Opening "Ruy Lopez: classical (Cordel) defense"]
[ECO "C64"]
[NIC "RL.01"]
[Time "18:00:54"]
[PlyCount "55"]
[TimeControl "1800+10"]

1. e4 e5 2. Nf3 Nc6 3. Bb5 Bc5 4. O-O d6 5. c3 Bd7 6. d4 exd4 7. cxd4 Bb6 8.
Nc3 h6 9. Be3 Nf6 10. Re1 O-O 11. Qd2 Re8 12. Bxh6 gxh6 13. Qxh6 Nh7 14. Bd3
Nxd4 15. Nxd4 Bxd4 16. e5 Nf8 17. Nd5 Bxe5 18. Rxe5 Rxe5 19. Nf6+ Qxf6 20.
Qxf6 Rae8 21. h3 Bc6 22. Bc4 Ne6 23. Rd1 Rg5 24. g3 Rg6 25. Qc3 Ng5 26. h4
Nf3+ 27. Kh1 Nxh4+ 28. Bd5 {Game drawn by mutual agreement} 1/2-1/2

[Event "ICC tourney 2855 (30 10)"]
[Site "Internet Chess Club"]
[Date "2022.03.19"]
[Round "4"]
[White "LAIDO, MATTHEW:Dabao"]
[Black "ASHOK, AMUDHAN:amudhanashok"]
[Result "1-0"]
[ICCResult "Black checkmated"]
[WhiteElo "1137"]
[BlackElo "950"]
[Opening "Giuoco Pianissimo: Italian four knights variation"]
[ECO "C50"]
[NIC "IG.02"]
[Time "18:01:49"]
[PlyCount "109"]
[TimeControl "1800+10"]

1. e4 e5 2. Nf3 Nc6 3. Bc4 Bc5 4. Nc3 Nf6 5. d3 h6 6. Be3 Bb6 7. d4 d6 8.
Qd2 O-O 9. O-O-O Re8 10. Rdg1 Qe7 11. dxe5 dxe5 12. h3 Ba5 13. Bd3 Bxc3 14.
Qxc3 Bd7 15. Bc5 Qe6 16. Bc4 Nxe4 17. Bxe6 Nxc3 18. Bxd7 Ne2+ 19. Kd1 Nxg1
20. Bxe8 Nxf3 21. Bxc6 Rd8+ 22. Kc1 Nd4 23. Bxd4 Rxd4 24. Bxb7 Rf4 25. Bf3
e4 26. Bd1 Rxf2 27. Rg1 e3 28. Bf3 e2 29. Re1 Rf1 30. Kd2 Rxe1 31. Kxe1 f6
32. Kxe2 Kf7 33. Kd3 Ke6 34. Kc4 Kd6 35. Kd4 g5 36. g4 Ke6 37. Be4 c5+ 38.
Kxc5 Ke5 39. Bf5 Kf4 40. Kd4 h5 41. c4 h4 42. c5 Kg3 43. c6 Kxh3 44. c7 Kg2
45. c8=Q h3 46. Qc2+ Kg3 47. Qd3+ Kg2 48. Qe2+ Kg3 49. Be4 h2 50. Qg2+ Kh4
51. Bf3 h1=Q 52. Qxh1+ Kg3 53. Qg2+ Kf4 54. Be4 f5 55. Qf3# {Black
checkmated} 1-0

[Event "ICC tourney 2855 (30 10)"]
[Site "Internet Chess Club"]
[Date "2022.03.19"]
[Round "4"]
[White "Wold, Michael L:miclwold-1"]
[Black "HELLER, JACK G:Maximusiv"]
[Result "0-1"]
[ICCResult "White checkmated"]
[WhiteElo "506"]
[BlackElo "1021"]
[Opening "Scandinavian: Icelandic gambit"]
[ECO "B01"]
[NIC "SD.03"]
[Time "18:01:03"]
[PlyCount "46"]
[TimeControl "1800+10"]

1. e4 d5 2. exd5 Nf6 3. c4 e6 4. Nc3 exd5 5. cxd5 Nxd5 6. Nf3 Bf5 7. Bc4 Nb4
8. Bb3 Nd3+ 9. Kf1 Bc5 10. Qe2+ Qe7 11. Qxe7+ Kxe7 12. Ng5 f6 13. Nge4 Bb6
14. Nd5+ Kd7 15. Nxb6+ axb6 16. Nc3 Re8 17. Ne2 Nc6 18. g3 Bh3+ 19. Kg1 Rxe2
20. Be6+ Kxe6 21. f4 Rg2+ 22. Kf1 Rxd2+ 23. Kg1 Rd1# {White checkmated} 0-1

[Event "ICC tourney 2855 (30 10)"]
[Site "Internet Chess Club"]
[Date "2022.03.19"]
[Round "4"]
[White "SHAMALOV, NATHAN:Nathan-Shamalov"]
[Black "WEI, LUKE:caracleliem2"]
[Result "0-1"]
[ICCResult "White checkmated"]
[WhiteElo "1262"]
[BlackElo "1082"]
[Opening "Sicilian: accelerated fianchetto, modern variation"]
[ECO "B76"]
[NIC "SI.33"]
[Time "18:01:05"]
[PlyCount "66"]
[TimeControl "1800+10"]

1. e4 c5 2. Nf3 Nc6 3. d4 cxd4 4. Nxd4 g6 5. Nc3 Bg7 6. Be3 Nf6 7. f3 O-O 8.
Qd2 d6 9. g4 Bd7 10. h4 h5 11. gxh5 Nxh5 12. Rg1 Bxd4 13. Bxd4 e5 14. Qh6
Nxd4 15. Rxg6+ fxg6 16. Qxg6+ Ng7 17. Bc4+ Be6 18. Bxe6+ Nxe6 19. O-O-O Qf6
20. Qg2 Qxf3 21. Qg6 Nf4 22. Qg5 Qh5 23. Qg3 b5 24. Rg1 Ne6 25. Nxb5 Qh6+
26. Kb1 Nf4 27. Nxd6 Ne2 28. Qb3+ Kh7 29. Re1 Qxh4 30. Qb4 Ng3 31. Qc4 Rad8
32. Nf5 N3xf5 33. Re2 Rd1# {White checkmated} 0-1

[Event "ICC tourney 2855 (30 10)"]
[Site "Internet Chess Club"]
[Date "2022.03.19"]
[Round "4"]
[White "ANGEL, BORYS:BArkadia"]
[Black "Krishnan, Ashvath:ashvathk5"]
[Result "1-0"]
[ICCResult "Black checkmated"]
[WhiteElo "1399"]
[BlackElo "1373"]
[Opening "Giuoco Pianissimo: Italian four knights variation"]
[ECO "C55"]
[NIC "IG.01"]
[Time "18:01:22"]
[PlyCount "73"]
[TimeControl "1800+10"]

1. e4 e5 2. Nf3 Nc6 3. Bc4 Nf6 4. Nc3 Bc5 5. d3 O-O 6. Bg5 Be7 7. O-O d6 8.
h3 Be6 9. Nd5 Bxd5 10. exd5 Nb8 11. Qd2 Nbd7 12. b4 Re8 13. Rfe1 Nf8 14. a4
Ng6 15. Bb5 Rf8 16. Bc4 a6 17. a5 h6 18. Be3 c6 19. Bb6 Qb8 20. dxc6 bxc6
21. d4 e4 22. Nh2 d5 23. Bb3 Bd6 24. Ng4 Nd7 25. c4 dxc4 26. Bxc4 Nxb6 27.
axb6 Qxb6 28. Nxh6+ Kh7 29. Nxf7 Be5 30. dxe5 Qc7 31. Ng5+ Kh8 32. Ne6 Qe7
33. Nxf8 Rxf8 34. Rxe4 Rd8 35. Qe3 Qxb4 36. Qg5 Qe7 37. Qh5# {Black
checkmated} 1-0

[Event "ICC tourney 2855 (30 10)"]
[Site "Internet Chess Club"]
[Date "2022.03.19"]
[Round "4"]
[White "THAPER, RISHUBH:MajorKey"]
[Black "ZHAO, DANSON:K01-30127679"]
[Result "1-0"]
[ICCResult "Black checkmated"]
[WhiteElo "1123"]
[BlackElo "1234"]
[Opening "Queen's gambit declined"]
[ECO "D30"]
[NIC "QP.08"]
[Time "18:01:49"]
[PlyCount "149"]
[TimeControl "1800+10"]

1. d4 d5 2. c4 e6 3. Nf3 Nf6 4. g3 Nbd7 5. Bg2 Be7 6. O-O b6 7. Nc3 Bb7 8.
b3 O-O 9. Bb2 c5 10. dxc5 bxc5 11. cxd5 exd5 12. e3 Qc7 13. Rc1 Nb6 14. Qe2
Rfd8 15. Rfd1 h6 16. Nb5 Qd7 17. Ne5 Qc8 18. Nd3 a6 19. Nd4 c4 20. bxc4 dxc4
21. Bxb7 Qxb7 22. Ne5 Rac8 23. Nxc4 Nxc4 24. Rxc4 Rxc4 25. Qxc4 Qxb2 26. Qc7
Rd7 27. Qc8+ Kh7 28. Qxa6 Bc5 29. Qd3+ Kg8 30. Rb1 Qxa2 31. Qf5 Qd5 32. Rb8+
Bf8 33. Qc2 Ra7 34. Qc3 Ne4 35. Rxf8+ Kxf8 36. Qc8+ Ke7 37. Nc6+ Kf6 38.
Nxa7 Qd1+ 39. Kg2 Qd2 40. Qc6+ Ke5 41. Qe8+ Kf5 42. g4+ Kg5 43. Qxe4 Qd7 44.
Qf4+ Kg6 45. Qe4+ Kf6 46. Qc6+ Qxc6+ 47. Nxc6 Kg5 48. Kg3 h5 49. h4+ Kg6 50.
Ne5+ Kf6 51. Nd7+ Ke7 52. Ne5 Kf6 53. f4 hxg4 54. Kxg4 Ke6 55. Nf3 Kf6 56.
h5 Ke6 57. e4 Kf6 58. e5+ Ke7 59. Nh4 f6 60. exf6+ Kxf6 61. f5 Kf7 62. Kg5
Kf8 63. Kg6 Kg8 64. Nf3 Kf8 65. Nd4 Kg8 66. Ne6 Kh8 67. Nxg7 Kg8 68. f6 Kh8
69. Kf7 Kh7 70. Ke7 Kg8 71. h6 Kh7 72. f7 Kxh6 73. f8=Q Kh7 74. Kf6 Kh6 75.
Qh8# {Black checkmated} 1-0

[Event "ICC tourney 2855 (30 10)"]
[Site "Internet Chess Club"]
[Date "2022.03.19"]
[Round "4"]
[White "BIRUDAVOLU, SATHVIK:Vikki24"]
[Black "YUAN, ETHAN:Knighthhhh"]
[Result "0-1"]
[ICCResult "White checkmated"]
[WhiteElo "1069"]
[BlackElo "1326"]
[Opening "Scotch game"]
[ECO "C45"]
[NIC "SO.05"]
[Time "18:01:00"]
[PlyCount "66"]
[TimeControl "1800+10"]

1. e4 e5 2. Nf3 Nc6 3. d4 exd4 4. Nxd4 Bc5 5. Be3 Qf6 6. c3 Nge7 7. Bc4 d6
8. h3 O-O 9. O-O Bb6 10. Nxc6 Nxc6 11. Bxb6 axb6 12. Qe2 Qg6 13. Kh2 Re8 14.
Nd2 Be6 15. Bxe6 Qxe6 16. Rfe1 Rxa2 17. Rxa2 Qxa2 18. b4 Qb2 19. b5 Na5 20.
c4 Qe5+ 21. Kh1 Qe6 22. f3 c6 23. bxc6 bxc6 24. Kg1 c5 25. Rb1 Rb8 26. Kh1
Nc6 27. Kg1 Nd4 28. Qd3 Qf6 29. Kh1 Qf4 30. Kg1 Qg3 31. Kh1 Ne6 32. Qe3 Nf4
33. Rb2 Qxg2# {White checkmated} 0-1

[Event "ICC tourney 2855 (30 10)"]
[Site "Internet Chess Club"]
[Date "2022.03.19"]
[Round "4"]
[White "HIBBS, ROBERT:BotanicalKnight"]
[Black "QIAO, RICHARDSON JINGSI:Richardsonqiao"]
[Result "1-0"]
[ICCResult "Black checkmated"]
[WhiteElo "1346"]
[BlackElo "572"]
[Opening "Bishop's opening: Classical variation"]
[ECO "C23"]
[NIC "IG.04"]
[Time "18:00:59"]
[PlyCount "143"]
[TimeControl "1800+10"]

1. e4 e5 2. Bc4 Bc5 3. d3 d6 4. Nc3 Nc6 5. Na4 Bb6 6. Nxb6 axb6 7. Be3 Na5
8. Bb3 Nxb3 9. axb3 Rxa1 10. Qxa1 Bd7 11. Ne2 h6 12. O-O Nf6 13. f4 O-O 14.
Qe1 Ng4 15. Bd2 f5 16. h3 Nf6 17. fxe5 dxe5 18. exf5 e4 19. d4 Nh7 20. g4
Ng5 21. Bxg5 Qxg5 22. Ng3 Re8 23. Qf2 e3 24. Qe2 Bc6 25. Nh5 Rf8 26. Nf4
Rxf5 27. Qxe3 h5 28. Qe6+ Rf7 29. Nxh5 Qe7 30. Qxf7+ Qxf7 31. Rxf7 Kxf7 32.
Kf2 g6 33. Nf4 Bd7 34. Nd3 Kf6 35. Kg3 Be6 36. b4 Bd5 37. h4 Be4 38. Ne1 g5
39. hxg5+ Kxg5 40. c3 c6 41. Nf3+ Kg6 42. Kf4 Bd5 43. Ne5+ Kf6 44. Nd7+ Kg6
45. Nxb6 Be6 46. Na8 Bd7 47. Nc7 b5 48. d5 Kf6 49. dxc6 Bxc6 50. Na6 Kg6 51.
Nc5 Bd5 52. Nd7 Be6 53. Nf8+ Kf7 54. Nxe6 Kxe6 55. g5 Kf7 56. Kf5 Kf8 57. g6
Kg7 58. Kg5 Kf8 59. c4 bxc4 60. b5 Ke7 61. b6 Kd7 62. g7 Kc6 63. g8=Q Kxb6
64. Qxc4 Kb7 65. Qc5 Kb8 66. Qe7 Kc8 67. Qh7 Kb8 68. Kf6 Kc8 69. Ke6 Kb8 70.
Kd6 Ka8 71. Kc6 Kb8 72. Qb7# {Black checkmated} 1-0

[Event "ICC tourney 2855 (30 10)"]
[Site "Internet Chess Club"]
[Date "2022.03.19"]
[Round "4"]
[White "POWERS, BARNEY:Barnstorm"]
[Black "WESLEY, GEORGE:Maglars"]
[Result "1-0"]
[ICCResult "Black checkmated"]
[WhiteElo "1233"]
[BlackElo "1061"]
[Opening "Réti: King's Indian attack"]
[ECO "A05"]
[NIC "QP.11"]
[Time "18:00:57"]
[PlyCount "93"]
[TimeControl "1800+10"]

1. Nf3 Nf6 2. g3 g6 3. Bg2 Bg7 4. O-O O-O 5. d3 c5 6. e4 e5 7. Nxe5 Re8 8.
Nc4 d6 9. Re1 Nc6 10. c3 Rb8 11. a4 a5 12. Bf4 Bf8 13. Nba3 Be6 14. Qd2 Rc8
15. Bg5 Be7 16. Bh6 Ng4 17. Bf4 g5 18. Be3 Nxe3 19. Qxe3 Ne5 20. b3 Bf6 21.
h3 Rc7 22. Nb5 Nxc4 23. bxc4 Rd7 24. Rab1 Rde7 25. e5 dxe5 26. Qe4 Qd7 27.
g4 Rd8 28. Red1 h6 29. Kh2 Bg7 30. Rd2 Qc8 31. Rbd1 Qb8 32. Rh1 f5 33. gxf5
Bf7 34. Kg1 Red7 35. Kf1 Kf8 36. Ke2 Bh5+ 37. Bf3 Bf7 38. h4 Bf6 39. hxg5
Bxg5 40. Rdd1 Re8 41. Bg4 Rde7 42. f6 Rc7 43. Qh7 Bxc4 44. Qh8+ Bg8 45. Rxh6
Bxh6 46. Qxh6+ Kf7 47. Qg7# {Black checkmated} 1-0

[Event "ICC tourney 2855 (30 10)"]
[Site "Internet Chess Club"]
[Date "2022.03.19"]
[Round "5"]
[White "HIBBS, ROBERT:BotanicalKnight"]
[Black "ANGEL, BORYS:BArkadia"]
[Result "1/2-1/2"]
[ICCResult "Game drawn by mutual agreement"]
[WhiteElo "1346"]
[BlackElo "1399"]
[Opening "Bishop's opening: Berlin defense"]
[ECO "C24"]
[NIC "IG.04"]
[Time "20:00:26"]
[PlyCount "25"]
[TimeControl "1800+10"]

1. e4 e5 2. Bc4 Nf6 3. d3 Nc6 4. Nc3 Bc5 5. f4 d6 6. Nf3 Bg4 7. Na4 exf4 8.
Nxc5 dxc5 9. Bxf4 Nd4 10. c3 Nxf3+ 11. gxf3 Bh3 12. Qd2 c6 13. Rg1
{Game drawn by mutual agreement}
1/2-1/2

[Event "ICC tourney 2855 (30 10)"]
[Site "Internet Chess Club"]
[Date "2022.03.19"]
[Round "5"]
[White "SIMPSON, CHARLES D:The-Rider"]
[Black "GUO, MAX:salamenceg"]
[Result "0-1"]
[ICCResult "White resigns"]
[WhiteElo "870"]
[BlackElo "1220"]
[Opening "Scotch gambit"]
[ECO "C44"]
[NIC "SO.06"]
[Time "20:00:18"]
[PlyCount "40"]
[TimeControl "1800+10"]

1. e4 e5 2. Nf3 Nc6 3. d4 exd4 4. Bc4 Bc5 5. Ng5 Nh6 6. Nxf7 Nxf7 7. Bxf7+
Kf8 8. Bc4 Qf6 9. O-O d6 10. c3 dxc3 11. Nxc3 Ne5 12. Nd5 Qf7 13. Nb6 Nxc4
14. Nxa8 Ne5 15. Be3 Bg4 16. Qd5 Qg6 17. Bxc5 Nf3+ 18. Kh1 Qh6 19. gxf3
Bxf3+ 20. Kg1 Qg6+ {White resigns} 0-1

[Event "ICC tourney 2855 (30 10)"]
[Site "Internet Chess Club"]
[Date "2022.03.19"]
[Round "5"]
[White "HELLER, JACK G:Maximusiv"]
[Black "HAMLETT, JAMES MORRISON:Hamlett144"]
[Result "1-0"]
[ICCResult "Black resigns"]
[WhiteElo "1021"]
[BlackElo "1216"]
[Opening "Owen defense"]
[ECO "B00"]
[NIC "VO.01"]
[Time "20:00:33"]
[PlyCount "43"]
[TimeControl "1800+10"]

1. e4 b6 2. d4 Bb7 3. Nc3 e6 4. Bd3 Nf6 5. e5 Bxg2 6. exf6 Bxh1 7. fxg7 Bxg7
8. Nf3 Bxf3 9. Qxf3 Nc6 10. Be3 Bxd4 11. O-O-O Bxe3+ 12. Qxe3 Rg8 13. Be4 d5
14. Bxd5 Qd6 15. Ne4 Qxd5 16. Nf6+ Kf8 17. Nxd5 exd5 18. Rxd5 Rg1+ 19. Rd1
Rxd1+ 20. Kxd1 Rd8+ 21. Kc1 Re8 22. Qh6+ {Black resigns} 1-0